AoeStats
← HR nomadplayer

African Clearing

505932097Analyzed
4v4 RM · 21d ago on Sep 11, 2026· 46m 11s· 8 players
Game mode
Random Map
Map size
Large (8 player)
Population
200
Speed
Normal
Resources
Standard
Victory
Conquest
Starting age
Dark Age
Ending age
Imperial Age
RankedLock teamsTeams togetherTeam positionsShared explorationLock speedFull tech treeHidden civsTurbo modeCheats
Victory
Defeat
🇨🇱 Bohemians · Chile
1891
+11
🇨🇱 Armenians · Chile
1741
+17
1529
+26
🇨🇱 Poles · Chile
1502
+27
🇳🇴 Franks · Norway
1834
-23
🇳🇴 Tatars · Norway
1833
-23
🇳🇴 Vikings · Norway
1739
-19
🇳🇴 Aztecs · Norway
1658
-16
[CL] castiii
5:13 Loom
11:26 Feudal Age
12:47 Double-Bit Axe
13:03 Town Watch
16:15 Fletching
20:55 Horse Collar
25:09 Castle Age
25:46 Bodkin Arrow
25:14 Crossbowman
26:24 Bow Saw
27:29 Ballistics
29:08 Padded Archer Armor
35:44 Wheelbarrow
35:40 Stone Mining
38:10 Hand Cart
40:30 Leather Archer Armor
43:56 Imperial Age
42:01 Gold Mining
42:13 Heavy Plow
43:13 Masonry
44:40 Bracer
45:41 Chemistry
45:08 Conscription
46:10 Ring Archer Armor
46:00 Elite Composite Bowman
[CL]LaCumbiaSuave
5:46 Loom
12:55 Feudal Age
13:24 Double-Bit Axe
13:21 Horse Collar
15:14 Forging
16:17 Scale Barding Armor
20:46 Wheelbarrow
21:32 Fletching
28:59 Castle Age
27:09 Fishing Lines
27:48 Bloodlines
28:38 Gold Mining
30:22 Bow Saw
30:13 Heavy Plow
30:17 Husbandry
30:57 Chain Barding Armor
31:13 Iron Casting
31:27 Szlachta Privileges
40:44 Town Watch
42:18 Hand Cart
48:53 Imperial Age
[CL] The Fabulous Merasmus
3:23 Loom
12:57 Feudal Age
14:39 Feudal Age
19:24 Castle Age
17:27 Double-Bit Axe
18:28 Bloodlines
18:24 Scale Barding Armor
19:35 Gold Mining
20:28 Bow Saw
19:59 Horse Collar
22:38 Heavy Plow
27:57 Forging
30:45 Chain Barding Armor
32:49 Wheelbarrow
31:59 Town Watch
34:02 Light Cavalry
36:32 Hand Cart
39:27 Iron Casting
40:24 Gold Shaft Mining
40:10 Town Patrol
42:27 Stone Mining
48:04 Imperial Age
HR nomadplayer
9:29 Loom
13:12 Feudal Age
20:56 Castle Age
20:00 Double-Bit Axe
22:08 Bow Saw
22:34 Sanctity
22:27 Town Watch
23:17 Fervor
24:48 Fervor
28:10 Redemption
37:13 Chemistry
[Nors] Laksen ><(((º>
3:03 Loom
14:05 Feudal Age
17:59 Castle Age
17:36 Double-Bit Axe
18:47 Pikeman
20:41 Bow Saw
20:34 Horse Collar
23:46 Sanctity
24:25 Fervor
28:09 Squires
28:45 Redemption
28:37 Devotion
29:18 Padded Archer Armor
30:01 Forging
29:51 Scale Mail Armor
35:27 Fletching
36:14 Iron Casting
38:24 Padded Archer Armor
38:59 Eagle Warrior
39:25 Arson
39:59 Chain Mail Armor
45:08 Wheelbarrow
47:21 Imperial Age
[Nors] OG DADDY
3:38 Loom
13:52 Feudal Age
15:13 Double-Bit Axe
17:49 Castle Age
15:58 Fletching
18:51 Bodkin Arrow
26:46 Padded Archer Armor
27:46 Husbandry
29:58 Bloodlines
31:29 Bow Saw
32:23 Ballistics
35:22 Horse Collar
38:44 Leather Archer Armor
[Nors] °Andy°
4:45 Loom
14:40 Feudal Age
15:19 Double-Bit Axe
24:22 Castle Age
23:30 Scale Barding Armor
23:17 Gold Mining
35:00 Bow Saw
36:38 Wheelbarrow
39:42 Chain Barding Armor
39:33 Forging
39:51 Hand Cart
42:18 Imperial Age
40:11 Husbandry
42:24 Gold Shaft Mining
43:39 Plate Barding Armor
42:28 Cavalier
43:58 Iron Casting
[Nors] ImSimon
9:18 Loom
11:28 Feudal Age
11:32 Man-at-Arms
15:11 Double-Bit Axe
22:00 Castle Age
20:21 Gold Mining
21:00 Horse Collar
22:33 Fletching
22:05 Elite Skirmisher
27:42 Stone Mining
29:14 Padded Archer Armor
29:10 Bodkin Arrow
29:16 Padded Archer Armor
33:25 Forging
35:10 Squires
35:32 Arson
38:08 Scale Mail Armor
38:43 Iron Casting
38:39 Bow Saw
40:30 Guard Tower
40:59 Chain Mail Armor
45:46 Chieftains
Connection lost

Rejoining the realm…

Still unreachable

The connection could not be restored.

Session expired

The server has moved on; the page needs a fresh start.